 Dungeon Crawl Stone Soup version 0.14.1-26-g5a19342 (webtiles) character file.

7408 Kae the Martial Artist (level 11, -12/81 (84) HPs)
             Began as a Naga Transmuter on Aug 2, 2014.
             Was the Champion of Cheibriados.
             Mangled by a boulder beetle (31 damage)
             ... on Level 9 of the Dungeon.
             The game lasted 00:23:36 (12459 turns).

Kae the Martial Artist (Naga Transmuter)           Turns: 12459, Time: 00:23:36

HP -12/81 (84)   AC 15     Str 32      XL: 11   Next:  6%
MP  27/27        EV 11     Int 33      God: Cheibriados [******]
Gold 513         SH  0     Dex 31      Spells:  3 memorised,  8 levels left

rFire  . . .     SeeInvis +       - Unarmed
rCold  . . .     Clarity  .     c - +0 robe
rNeg   . . .     Conserve .     (no shield)
rPois  +         rCorr    .     o - +3 hat of Pondering {ponderous, MR+ MP+10 Int+5}
rElec  .         rRot     .     I - +0 cloak
SustAb . .       Spirit   .     n - +1 pair of gloves
rMut   .         Warding  .     (no barding)
Saprov . . .     Stasis   .     (no amulet)
MR     ++...                    (no ring)
                                y - +3 ring of protection

@: mighty, very slow, very resistant to hostile enchantments, stealthy
A: spit poison, thin metallic scales 1, see invisible, deformed body, poison
resistance, slowness 2, AC +3
a: Spit Poison, Bend Time, Temporal Distortion, Slouch, Step From Time, Renounce
Religion


You were on level 9 of the Dungeon.
You worshipped Cheibriados.
Cheibriados was exalted by your worship.
You were hungry.

You visited 2 branches of the dungeon, and saw 10 of its levels.

You collected 513 gold pieces.

Inventory:

Hand weapons
 e - a +1,+1 mace
Missiles
 b - 9 arrows
 u - 7 javelins (quivered)
Armour
 c - a +0 robe (worn)
 n - a +1 pair of gloves (worn)
 o - the +3 hat of Pondering (worn) {ponderous, MR+ MP+10 Int+5}
   (You took it off Gastronok on level 8 of the Dungeon)

   It affects your intelligence (+5).
   It affects your resistance to hostile enchantments.
   It affects your magic capacity (+10).
 E - a +1 hat
 I - a +0 cloak (worn)
Magical devices
 p - a wand of slowing (7)
 r - a wand of lightning (5)
 w - a wand of flame (12)
 z - a wand of magic darts (23)
 N - a wand of flame (5)
Comestibles
 a - 5 bread rations
 g - 2 chokos
 j - a slice of pizza
 k - 3 apples
 t - 4 meat rations
 v - 3 pears
 J - 3 beef jerkies
 L - 3 cheeses
 M - 6 honeycombs
Scrolls
 i - a scroll of recharging
 m - 2 scrolls of remove curse
 G - 2 scrolls of identify
 H - a scroll of amnesia
Jewellery
 l - an uncursed ring of ice
 s - an uncursed ring of ice
 y - a +3 ring of protection (left hand)
Potions
 f - a potion of heal wounds
 h - 5 potions of curing
 q - a potion of invisibility
 x - a potion of brilliance
 A - 2 potions of magic
 B - a potion of poison
 D - a potion of berserk rage
 F - a potion of resistance {unknown}
 K - a potion of porridge
Books
 d - a book of Changes

   Spells                             Type                      Level
   *Beastly Appendage                 Transmutation                1
   *Sticks to Snakes                  Transmutation                2
   *Spider Form                       Transmutation/Poison         3
   Ice Form                           Ice/Transmutation            4
   Blade Hands                        Transmutation                5


   Skills:
 - Level 1.0 Fighting
 - Level 1.5 Dodging
 * Level 13.5 Unarmed Combat
 - Level 2.0 Spellcasting
 + Level 9.7 Transmutations


You had 8 spell levels left.
You knew the following spells:

 Your Spells              Type           Power        Failure   Level  Hunger
a - Beastly Appendage     Trmt           ######       1%          1    None
b - Sticks to Snakes      Trmt           ######....   1%          2    ##.....
c - Spider Form           Trmt/Pois      #####.....   2%          3    ###....


Dungeon Overview and Level Annotations

Branches:
Dungeon (9/15)             Temple (1/1) D:4
    Orc: D:9-12        Lair: D:8-11

Altars:
Ashenzari
Cheibriados
Dithmenos
Elyvilon
Fedhas
Kikubaaqudgha
Makhleb
Nemelex Xobeh
Trog
Vehumet
Xom
Yredelemnul
Zin
The Shining One

Annotations:
D:7 5 exclusions, Dowan, Duvessa


Innate Abilities, Weirdness & Mutations

You cannot wear boots.
You can spit poison.
Your serpentine skin is tough (AC +3).*
You have supernaturally acute eyesight.
Armour fits poorly on your strangely shaped body.*
Your system is resistant to poisons.*
You cover ground very slowly.*
You are partially covered in thin metallic scales (AC +2).*


Message History

You are too injured to fight recklessly!
You punch the boulder beetle!
The boulder beetle is heavily wounded.
You hit the boulder beetle.
The boulder beetle is heavily wounded.
The boulder beetle bites you!
* * * LOW HITPOINT WARNING * * *
Unknown command.
Read which item? (? for menu, Esc to quit)
Okay, then.
Drink which item? (? for menu, Esc to quit)
You feel much better.
Drink which item? (? for menu, Esc to quit)
You feel very mighty all of a sudden. The boulder beetle bites you!
* * * LOW HITPOINT WARNING * * *
You hit the boulder beetle but do no damage.
The boulder beetle is heavily wounded.
The boulder beetle bites you!
You die...

####### ### #.....#
#.....# ####
#.##### ######...
#.#
########........
#<#
#^..............
#.#
###..###........
######.#.########.#
#........
#......#....@B....#
#........
#.#################
#........
#.##########
#........
#..........#
#...[....
##############.#
#........
..........%..#.#
#........
############.#.#
#........ ####.#.#
###.#.### #....#.#
#.#.#


You could see a boulder beetle.

Vanquished Creatures
  Gastronok (D:8)
  A hill giant (D:8)
  The ghost of Kae the Sneak, an experienced SpEn (D:5)
  Prince Ribbit (D:7)
  2 two-headed ogres (D:8)
  A wyvern (D:8)
  2 hippogriffs
  A necrophage (D:6)
  A water moccasin (D:6)
  A soldier ant (D:8)
  2 ice beasts (D:8)
  2 giant goldfish (D:7)
  5 phantoms
  A spider (D:8)
  2 sky beasts
  2 centaurs
  2 ogres
  A black bear (D:8)
  A boring beetle (D:8)
  A brain worm (D:8)
  7 giant frogs
  A scorpion (D:4)
  4 wights (D:8)
  6 killer bees (D:8)
  6 crimson imps
  A goliath beetle (D:8)
  3 hounds
  2 jellies
  4 orc priests
  A centaur zombie (D:6)
  Crazy Yiuf (D:7)
  3 orc wizards
  3 worker ants
  2 centaur skeletons
  5 iguanas
  Ijyb (D:4)
  An ogre skeleton (D:8)
  Terence (D:3)
  A hound skeleton (D:4)
  A worker ant zombie (D:6)
  9 adders
  4 gnolls
  A giant mite (D:8)
  4 worms
  3 shadow imps
  2 orc zombies (D:7)
  2 giant eyeballs
  3 giant geckos
  2 oozes
  27 orcs
  A ball python (D:6)
  A bat zombie (D:6)
  8 giant cockroaches
  A gnoll zombie (D:5)
  14 hobgoblins
  11 jackals
  5 quokkas
  15 bats
  A giant gecko zombie (D:6)
  5 giant newts
  2 giant spores (D:8)
  19 goblins
  12 kobolds
  A quokka skeleton (D:5)
  A quokka zombie (D:8)
  19 rats
  A spectral orc (D:7)
  33 ballistomycetes (D:8)
  A fungus (D:7)
293 creatures vanquished.

Vanquished Creatures (others)
  A giant frog (D:6)
  12 giant spores (D:8)
13 creatures vanquished.

Grand Total: 306 creatures vanquished

Notes
Turn   | Place    | Note
--------------------------------------------------------------
     0 | D:1      | Kae, the Naga Transmuter, began the quest for the Orb.
     0 | D:1      | Reached XP level 1. HP: 18/18 MP: 3/3
   511 | D:1      | Reached XP level 2. HP: 11/25 MP: 2/4
  1545 | D:2      | Reached XP level 3. HP: 31/31 MP: 6/6
  1633 | D:2      | Reached skill level 4 in Unarmed Combat
  2193 | D:3      | Learned a level 2 spell: Sticks to Snakes
  2197 | D:3      | Learned a level 3 spell: Spider Form
  2224 | D:3      | Reached XP level 4. HP: 8/38 MP: 7/7
  2630 | D:3      | Noticed Terence
  2641 | D:3      | Killed Terence
  3170 | D:3      | Reached XP level 5. HP: 37/44 MP: 7/9
  3277 | D:3      | Reached skill level 5 in Unarmed Combat
  3466 | D:4      | Gained mutation: You are partially covered in thin metallic scales (AC +2). [potion of beneficial mutation]
  3571 | D:4      | Found a staircase to the Ecumenical Temple.
  3579 | D:4      | Noticed Ijyb
  3584 | Temple   | Entered the Ecumenical Temple
  3598 | Temple   | Became a worshipper of Cheibriados the Contemplative
  3646 | D:4      | Killed Ijyb
  4140 | D:4      | Found a radiant altar of Vehumet.
  4430 | D:4      | Found a bloodstained altar of Trog.
  4542 | D:4      | Reached XP level 6. HP: 35/51 MP: 10/10
  4726 | D:5      | Entered Level 5 of the Dungeon
  4844 | D:5      | Noticed Kae's ghost (experienced SpEn)
  4887 | D:5      | Killed Kae's ghost
  4887 | D:5      | Reached skill level 6 in Unarmed Combat
  4887 | D:5      | Reached XP level 7. HP: 27/57 MP: 6/12
  5087 | D:5      | Reached skill level 7 in Unarmed Combat
  5910 | D:5      | Reached skill level 5 in Transmutations
  6178 | D:6      | Reached XP level 8. HP: 50/64 MP: 11/13
  6193 | D:6      | Reached skill level 8 in Unarmed Combat
  7069 | D:6      | Acquired Cheibriados' first power
  7148 | D:6      | Reached skill level 9 in Unarmed Combat
  7269 | D:6      | Paralysed by a giant eyeball for 2 turns
  7525 | D:6      | Reached XP level 9. HP: 45/67 MP: 14/14
  7820 | D:6      | Reached skill level 10 in Unarmed Combat
  8147 | D:7      | Noticed Crazy Yiuf
  8154 | D:7      | Killed Crazy Yiuf
  8200 | D:7      | Acquired Cheibriados' second power
  8384 | D:7      | Found a basalt altar of Yredelemnul.
  8435 | D:7      | Noticed Duvessa
  8435 | D:7      | Noticed Dowan
 10198 | D:7      | Acquired Cheibriados' third power
 10225 | D:7      | Reached skill level 11 in Unarmed Combat
 10267 | D:7      | Noticed Prince Ribbit
 10281 | D:7      | Killed Prince Ribbit
 10434 | D:8      | Reached XP level 10. HP: 62/75 MP: 16/16
 10665 | D:8      | Noticed Gastronok
 10670 | D:8      | Reached skill level 12 in Unarmed Combat
 10686 | D:8      | Killed Gastronok
 11061 | D:8      | Noticed a hill giant
 11066 | D:8      | Killed a hill giant
 11179 | D:8      | Reached skill level 13 in Unarmed Combat
 11576 | D:8      | Reached XP level 11. HP: 59/81 MP: 17/17
 12459 | D:9      | Mangled by a boulder beetle

Action                   |  1- 3 |  4- 6 |  7- 9 | 10-12 || total
-------------------------+-------+-------+-------+-------++-------
Melee: Mace              |   151 |   120 |       |       ||   271
       Unarmed           |     1 |    37 |   404 |   269 ||   711
Throw: Javelin           |       |       |       |     1 ||     1
 Cast: Beastly Appendage |    16 |    12 |    31 |     8 ||    67
       Spider Form       |       |     3 |     2 |     4 ||     9
       Sticks to Snakes  |       |     3 |       |       ||     3
Invok: Bend Time         |       |     1 |       |       ||     1
 Abil: Spit Poison       |     2 |     4 |     2 |       ||     8
Evoke: Wand              |       |     1 |     2 |       ||     3
  Use: Scroll            |       |    12 |     5 |     3 ||    20
       Potion            |       |     2 |       |     3 ||     5
 Stab: Sleeping          |     1 |       |     2 |       ||     3
       Distracted        |       |       |     1 |       ||     1
